 Dungeon Sprint DCSS version 0.23-a0-516-g0f8c245 (webtiles) character file.

425 JosiahThimblerig the Fighter (level 6, -12/66 HPs)
             Began as a Hill Orc Fighter on Dec 5, 2018.
             Was an Initiate of Vehumet.
             Shot with an arrow by a centaur warrior (27 damage)
             ... in the Dungeon (Sprint I: "Red Sonja").
             The game lasted 00:05:15 (477 turns).

JosiahThimblerig the Fighter (Hill Orc Fighter)      Turns: 477, Time: 00:05:16

Health: -12/66     AC:  8    Str: 19    XL:     6   Next: 96%
Magic:  6/6        EV:  9    Int:  9    God:    Vehumet [......]
Gold:   25         SH: 11    Dex: 11    Spells: 5/5 levels left

rFire    . . .     SeeInvis .   a - +0 war axe
rCold    . . .     Gourm    .   c - +0 shield
rNeg     . . .     Faith    .   b - +0 scale mail
rPois    .         Spirit   .   (no helmet)
rElec    .         Reflect  .   (no cloak)
rCorr    .         Harm     .   (no gloves)
MR       +....     NoTele   +   (no boots)
Stlth    ..........             (no amulet)
HPRegen  0.21/turn              m - ring of protection from magic
MPRegen  0.10/turn              (no ring)

@: hasted, very quick
A: no striking features
a: Renounce Religion


You were in the Dungeon.
You worshipped Vehumet.
Vehumet was noncommittal.
You were not hungry.

You visited 1 branch You collected 325 gold pieces.
You spent 300 gold pieces at shops.

Inventory:

Hand Weapons
 a - a +0 war axe (weapon)
 g - a +0 giant club
 n - a +0 club
 p - a +3 scythe of pain
Missiles
 r - 16 bolts
 s - an arrow
Armour
 b - a +0 scale mail (worn)
 c - a +0 shield (worn)
 o - a +0 ring mail
 q - a +0 robe
Jewellery
 m - a ring of protection from magic (left hand)
Wands
 l - a wand of random effects (14)
Scrolls
 k - a scroll of blinking
Potions
 d - a potion of might
 e - a potion of curing
 i - 2 potions of magic
 j - a potion of berserk rage
Comestibles
 f - a ration


   Skills:
 + Level 9.7 Fighting
 + Level 8.5 Axes
 + Level 8.9 Armour
 + Level 2.0 Dodging
 + Level 8.2 Shields
 + Level 0.4 Evocations


You had 5 spell levels left.
You didn't know any spells.
Your spell library was empty.

Dungeon Overview and Level Annotations

Branches:
Dungeon (1/1)

Altars:
Cheibriados
Dithmenos
Elyvilon
Fedhas
Gozag
Hepliaklqana
Kikubaaqudgha
Nemelex Xobeh
Okawaru
Qazlal
Ru
Sif Muna
Trog
Uskayaw
Vehumet
Wu Jian
Yredelemnul
Zin
The Shining One

Shops:
D =


Message History

The centaur warrior hits you. The centaur warrior closely misses you.
You block the centaur warrior's attack.
The centaur warrior hits you but does no damage.
Your unstable footing causes you to fumble your attack.
You block the centaur warrior's attack.
The centaur warrior hits you but does no damage.
You hit the centaur warrior.
The centaur warrior is heavily wounded.
You closely miss the centaur warrior. The centaur warrior hits you!
The centaur warrior hits you.
* * * LOW HITPOINT WARNING * * *
You block the centaur warrior's attack. The centaur warrior barely misses you.
You feel yourself speed up. You block the centaur warrior's attack.
The centaur warrior hits you.
* * * LOW HITPOINT WARNING * * *
You block the centaur warrior's attack.
The centaur warrior hits you but does no damage.
The centaur warrior wields a +0 longbow.
The centaur warrior shoots an arrow.
The arrow hits you!!
You die...

################
#<.#..'..#..'..#
#..'÷.#..'÷.#..+
#..#####'#####'# ##
#..####..#...#.####§(#
#..#__####..##§#§c≈§§#
#..#_____##'#_.@§c≈§§+
#⌠⌠#_.∩...'..._#§§≈§§#
####_..__##_.#'##+####
#_____###+#.# #######
###


You could see 2 centaur warriors.

Vanquished Creatures
  Sigmund (D)
  A yak (D)
  An ogre (D)
  A jelly (D)
  Ijyb (D)
5 creatures vanquished.

Vanquished Creatures (others)
  A gargoyle (D)
1 creature vanquished.

Grand Total: 6 creatures vanquished

Notes
Turn   | Place    | Note
-------+----------+-------------------------------------------
     0 | D        | JosiahThimblerig the Hill Orc Fighter began the quest for
                  | the Orb.
     0 | D        | Reached XP level 1. HP: 19/19 MP: 1/1
     2 | D        | Noticed Ijyb
    21 | D        | Killed Ijyb
    21 | D        | Reached skill level 5 in Fighting
    21 | D        | Reached XP level 2. HP: 28/29 MP: 2/2
    21 | D        | Reached XP level 3. HP: 35/36 MP: 3/3
    29 | D        | Noticed an ogre
    35 | D        | HP: 1/36 [ogre/+0 giant club (11)]
    40 | D        | Killed an ogre
    40 | D        | Reached skill level 6 in Fighting
    40 | D        | Reached skill level 5 in Axes
    40 | D        | Reached XP level 4. HP: 27/45 MP: 4/4
   162 | D        | Noticed Sigmund
   170 | D        | Killed Sigmund
   170 | D        | Reached skill level 8 in Fighting
   170 | D        | Reached skill level 1 in Dodging
   170 | D        | Reached XP level 5. HP: 21/56 MP: 5/5
   170 | D        | Reached XP level 6. HP: 24/62 MP: 6/6
   178 | D        | Killed a gargoyle
   384 | D        | Found an ornate altar of the Wu Jian Council.
   384 | D        | Found a deep blue altar of Sif Muna.
   386 | D        | Found a radiant altar of Vehumet.
   399 | D        | Became a worshipper of Vehumet
   400 | D        | Found Pegaor Xore's Jewellery Emporium.
   400 | D        | Found an ancient bone altar of Kikubaaqudgha.
   400 | D        | Found a stormy altar of Qazlal.
   400 | D        | Found a blossoming altar of Fedhas.
   400 | D        | Found a bloodstained altar of Trog.
   400 | D        | Found an iron altar of Okawaru.
   400 | D        | Found a glowing golden altar of the Shining One.
   400 | D        | Found a glowing silver altar of Zin.
   400 | D        | Found a white marble altar of Elyvilon.
   400 | D        | Noticed a yak
   413 | D        | Killed a yak
   413 | D        | Reached skill level 9 in Fighting
   414 | D        | Found a hazy altar of Hepliaklqana.
   414 | D        | Found a hide-covered altar of Uskayaw.
   414 | D        | Found a basalt altar of Yredelemnul.
   414 | D        | Found an opulent altar of Gozag.
   414 | D        | Found a snail-covered altar of Cheibriados.
   414 | D        | Found a sacrificial altar of Ru.
   414 | D        | Found a shadowy altar of Dithmenos.
   415 | D        | Found a sparkling altar of Nemelex Xobeh.
   445 | D        | Bought an uncursed ring of protection from magic for 300
                  | gold pieces
   462 | D        | Noticed a centaur warrior
   464 | D        | Noticed a centaur warrior
   477 | D        | Shot with an arrow by a centaur warrior

Vault maps used:
D:        dungeon_sprint_1

Skill      XL: |  1  2  3  4  5  6 |
---------------+-------------------+-----
Fighting       | 5 6 8 9 |  9.7
Axes           | 3 5 7 8 |  8.5
Armour         | 4 6 7 8 |  8.9
Shields        | 4 6 7 8 |  8.2
Dodging        | 1 2 |  2.0
Evocations     | |  0.4

Action                   |  1- 3 |  4- 6 || total
-------------------------+-------+-------++-------
Melee: War axe           |    29 |    29 ||    58
Evoke: Wand              |       |     2 ||     2
  Use: Potion            |     1 |     1 ||     2
Armor: Scale mail        |     8 |    14 ||    22
Dodge: Dodged            |     8 |    11 ||    19
Block: Shield            |    13 |    17 ||    30

Table legend:
 A = Non-vault XP
 B = Vault XP
 C = Vault XP percentage of total XP
 D = Non-vault monster count
 E = Vault monster count
 F = Vault count percentage of total count
                 A         B        C        D         E       F
            +---------+---------+-------+---------+---------+-------
      Total |       0 |     608 | 100.0 |       0 |       5 | 100.0
            +---------+---------+-------+---------+---------+-------
          D |       0 |     608 | 100.0 |       0 |       5 | 100.0
            +---------+---------+-------+---------+---------+-------
